 Dungeon Crawl Stone Soup version 0.30.1-4-g462c640d31 (webtiles) character file.

Game seed: 2642075482605250874

129962 booth the Cleaver (level 16, -5/123 HPs)
             Began as a Demonspawn Reaver on Aug 28, 2023.
             Was the Champion of Hepliaklqana.
             Killed from afar by a deep elf pyromancer (8 damage)
             ... with a bolt of fire
             ... on level 15 of the Dungeon on Sept 1, 2023.
             The game lasted 03:23:42 (26389 turns).

booth the Cleaver (Demonspawn Reaver)              Turns: 26389, Time: 03:23:43

Health: -5/123     AC: 15    Str: 23    XL:     16   Next: 51%
Magic:  29/29      EV: 16    Int: 16    God:    Hepliaklqana [******]
Gold:   712        SH:  6    Dex: 10    Spells: 22/33 levels left

rFire   + + .        x - +2 battleaxe (flame)
rCold   . . .        (shield currently unavailable)
rNeg    + . .        O - +1 chain mail {rF+}
rPois   .            s - +2 helmet
rElec   +            p - scarf {shadows}
rCorr   .            a - +0 pair of gloves of Fedhas, Transmuting {*Slow rElec rF+ Str+4}
SInv    .            K - +1 pair of boots {Stlth+}
Will    +....        P - amulet of the acrobat
Stlth   +            U - +5 ring of evasion
HPRegen 0.40/turn    A - ring of positive energy
MPRegen 0.42/turn

%: slow self (1%), acrobat, clarity
@: no status effects
A: reduced essence, large bone plates 2, icemail 2, magic regeneration,
condensation shield, demonic touch 1, clarity, clumsy 1, robust 1, screaming 1
a: Renounce Religion, Recall Ancestor, Ancestor Identity, Transference, Idealise


You were on level 15 of the Dungeon.
You worshipped Hepliaklqana.
Hepliaklqana was exalted by your worship.
You visited 4 branches of the dungeon, and saw 23 of its levels.
You also visited: Volcano.

You collected 2200 gold pieces.
You spent 1488 gold pieces at shops.

Inventory:

Hand Weapons
 e - a +0 morningstar
 h - a +2 flail of draining
 j - a +2 whip of electrocution
 x - a +2 battleaxe of flaming (weapon)
 H - a +4 war axe of freezing
 Z - a +2 executioner's axe of freezing
Missiles
 c - 39 poisoned darts (quivered)
 d - 3 throwing nets
 k - 14 boomerangs
 n - 5 silver boomerangs
 r - 2 atropa-tipped darts
 D - 16 curare-tipped darts
 I - 10 javelins
Armour
 a - the +0 pair of gloves of Fedhas, Transmuting (worn) {*Slow rElec rF+ Str+4}
   (You acquired it on level 5 of the Dungeon)

   Str:       It affects your strength (+4).
   rF:        It protects you from fire.
   rElec:     It insulates you from electricity.
   *Slow:     It may slow you when you take damage.
 p - a scarf of shadows (worn)
 s - a +2 helmet (worn)
 K - a +1 pair of boots of stealth (worn)
 O - a +1 chain mail of fire resistance (worn)
Jewellery
 y - an amulet of magic regeneration
 A - a ring of positive energy (right hand)
 P - an amulet of the acrobat (around neck)
 U - a +5 ring of evasion (left hand)
 W - a +6 ring of dexterity
 Y - a ring of protection from fire
Wands
 m - a wand of light (4)
 B - a wand of flame (27)
 J - a wand of mindburst (7)
 L - a wand of roots (5)
Scrolls
 b - a scroll of torment
 f - 3 scrolls of blinking
 g - 4 scrolls of amnesia
 i - 6 scrolls of teleportation
 t - 2 scrolls of butterflies
 z - a scroll of magic mapping
 E - 4 scrolls of fog
 Q - 4 scrolls of immolation
 R - a scroll of poison
 S - 5 scrolls of fear
 T - 6 scrolls of identify
 X - 2 scrolls of silence
Potions
 o - 4 potions of magic
 q - a potion of brilliance
 F - 5 potions of flight
 G - 4 potions of curing
 M - a potion of ambrosia
Miscellaneous
 N - a lightning rod (4/4)
 V - a phantom mirror


   Skills:
 + Level 10.3 Fighting
 * Level 13.3(14.4) Axes
 + Level 9.0(12.3) Maces & Flails
 - Level 7.7 Throwing
 - Level 1.8 Armour
 + Level 8.7 Dodging
 + Level 4.8 Stealth
 + Level 9.2 Spellcasting
 + Level 13.1 Conjurations
 + Level 5.5 Invocations


You had 22 spell levels left.
You knew the following spells:

 Your Spells              Type           Power      Damage    Failure   Level
a - Kiss of Death         Conj/Necr      100%       2d13      4%          1
b - Momentum Strike       Conj/Tloc      56%        3d9       6%          2
c - Hailstorm             Conj/Ice       28%        3d8       13%         3
d - Iskenderun's Battles  Conj           49%        2d10      8%          5

Your spell library contained the following spells:

 Spells                   Type           Power      Damage    Failure   Level
 Cigotuvi's Dreadful Rot  Necr/Pois/Air  14%        N/A       67%         2
 Ensorcelled Hibernation  Hex/Ice        14%        N/A       67%         2
 Lesser Beckoning         Tloc           14%        N/A       67%         2
 Passwall                 Tmut/Erth      5%         N/A       67%         2
 Sublimation of Blood     Necr           7%         N/A       67%         2
 Wereblood                Tmut           7%         N/A       67%         2
 Fireball                 Conj/Fire      14%        3d8       75%         5
 Gell's Gravitas          Tloc           7%         N/A       88%         3
 Ozocubu's Armour         Ice            7%         N/A       88%         3
 Swiftness                Air            7%         N/A       88%         3
 Teleport Other           Tloc           7%         N/A       88%         3
 Tukima's Dance           Hex            7%         N/A       88%         3
 Orb of Destruction       Conj           24%        9d9       94%         7
 Dispel Undead            Necr           7%         3d8       99%         4
 Passage of Golubria      Tloc           7%         N/A       99%         4
 Alistair's Intoxication  Tmut/Pois      4%         N/A       100%        5
 Borgnjor's Vile Clutch   Necr/Erth      3%         N/A       100%        5
 Metabolic Englaciation   Hex/Ice        3%         N/A       100%        5
 Silence                  Hex/Air        3%         N/A       100%        5
 Yara's Violent Unravell  Hex/Tmut       3%         3d4       100%        5
 Conjure Ball Lightning   Conj/Air       14%        3x3d6     100%        6
 Death Channel            Necr           3%         N/A       100%        6
 Eringya's Noxious Bog    Tmut/Pois      3%         N/A       100%        6
 Iron Shot                Conj/Erth      14%        9d4       100%        6
 Simulacrum               Ice/Necr       3%         N/A       100%        6
 Spellforged Servitor     Conj/Summ      14%        N/A       100%        7
 Summon Hydra             Summ           3%         N/A       100%        7
 Lehudib's Crystal Spear  Conj/Erth      14%        10d5      100%        8


Dungeon Overview and Level Annotations

Branches:
Dungeon (15/15)            Temple (1/1) D:4            Lair (5/5) D:11
  Swamp (0/4) Lair:2       Spider (0/4) Lair:2        Slime (0/5) Lair:4
    Orc (2/2) D:9             Elf (0/3) Orc:2        Vaults (0/5) D:13
 Depths (0/4) D:15        Volcano (visited)

Altars:
Ashenzari
Cheibriados
Dithmenos
Fedhas
Gozag
Hepliaklqana
Kikubaaqudgha
Makhleb
Nemelex Xobeh
Okawaru
Qazlal
Ru
Sif Muna
Trog
Uskayaw
Vehumet
Wu Jian
Xom
Yredelemnul
Jiyva
Lugonu

Shops:
D:5 ?   Orc:1 *   Orc:2 :***

Portals:
Abyss: D:12 Lair:5

Annotations:
D:5 1 runed translucent door, GasterBasher2's ghost, novice MiFi
D:6 2 transporters, Mickster's ghost, novice HOBe
D:12 2 runed translucent doors
D:15 Rupert
Orc:1 2 transporters, wingedge's ghost, journeyman DgAE


Innate Abilities, Weirdness & Mutations

Your life essence is reduced to manifest your ancestor. (-10% HP)
You are mostly covered in large bone plates. (SH +6)
A meltable icy envelope protects you from harm. (AC +0)
You regenerate magic rapidly.
A meltable shield of frost defends you. (SH +0)
Your touch may inflict minor irresistible damage on your foes.
You possess an exceptional clarity of mind.
You are clumsy. (Dex -2)
You are robust. (+10% HP)
You occasionally shout uncontrollably at your foes.


Message History

Rupert closely misses you.
The deep elf pyromancer barely misses you.
You block Rupert's attack.
You hit Rupert. You burn Rupert.
Rupert is severely wounded.
You closely miss the deep elf pyromancer.
Rupert hits you with a +0 great mace of protection.
* * * LOW HITPOINT WARNING * * *
The deep elf pyromancer closely misses you.
You slash Rupert! You burn Rupert.
Rupert is almost dead.
You barely miss the deep elf pyromancer.
Rupert hits you but does no damage.
The deep elf pyromancer barely misses you.
You barely miss Rupert.
Rupert is almost dead.
You closely miss the deep elf pyromancer.
Rupert completely misses you. Rupert barely misses you.
You block the deep elf pyromancer's attack.
You barely miss Rupert.
Rupert is almost dead.
You slash the deep elf pyromancer! You burn the deep elf pyromancer.
Rupert hits you but does no damage.
You block the deep elf pyromancer's attack.
You slash Rupert! You burn Rupert.
Rupert is almost dead.
You closely miss the deep elf pyromancer.
Rupert closely misses you.
Rupert hits you with a +0 great mace of protection.
* * * LOW HITPOINT WARNING * * *
The deep elf pyromancer closely misses you.
You hit Rupert. You burn Rupert.
Rupert is almost dead.
You slash the deep elf pyromancer! You burn the deep elf pyromancer.
Rupert misses you.
The deep elf pyromancer gestures at you while chanting.
The bolt of fire hits you!
Your icy defences dissipate!
You resist.
You die...

#.# *,**,,,e............ #.#
*,****,..#.##.##.###
#.#####.##..........$..#
#[##..........b..##.##.#
#.##.##(##.bb<.........#
######.........b.b....##.##.###
###............*#................
#..........)#####e#,..*######.###
#.#.####.......@@.#,.,* #.# #
#.#.# ##.#########,,,** #.# #.#.#
#.# *,,,,*****#.# #.#.#####.##
*,,,,,,,,,..# #.#........#
**,*,*****##* #.######<..# *,,*,*
#.#### #.#.# *,**,* #<...# #.#.#
*,**,* ####)# #.#,# *,*,,*


You could see Rupert (berserk, drained, ally target) and a deep elf pyromancer.

Vanquished Creatures
  Gastronok (D:8)
  A stone giant (Volcano)
  Erolcha (Orc:2)
  2 hydras
  2 boulder beetles
  5 centaur warriors
  2 two-headed ogres
  A tengu warrior (D:14)
  2 thrashing horrors (Lair:5)
  Urug (Lair:4)
  A skyshark (Lair:5)
  Pikel (D:6)
  A deep elf zephyrmancer (D:13)
  A wizard (D:11)
  10 orc knights
  A deep elf archer (D:13)
  A deep elf pyromancer (D:12)
  9 ugly things
  2 cyclopes
  8 elephants
  2 manticores
  2 molten gargoyles (Volcano)
  A torpor snail (Lair:5)
  2 black mambas
  A smoke demon (Lair:5)
  6 cane toads
  2 rime drakes
  2 kobold demonologists (D:9)
  4 komodo dragons
  4 yaktaurs (D:13)
  An efreet (Volcano)
  A tengu conjurer (D:14)
  An ancient zyme (Lair:5)
  8 trolls
  2 polar bears
  A tyrant leech (Lair:2)
  20 blink frogs
  A centaur simulacrum (D:14)
  A shadow (D:10)
  A vampire (D:12)
  Sigmund (D:5)
  A wraith (D:10)
  2 wyverns
  2 hogs (Lair:4)
  10 slime creatures
  41 yaks
  A human (shapeshifter) (Lair:5)
  3 ynoxinuls (Lair:5)
  A fire bat (Volcano)
  5 fire elementals
  4 vampire mosquitoes
  4 basilisks
  8 wargs
  An acid dragon (D:11)
  13 water moccasins
  9 small abominations (Lair:5)
  30 orc warriors
  An ice beast (D:7)
  A black bear (D:5)
  A sky beast (D:7)
  4 ogres
  9 centaurs
  4 boggarts (D:14)
  A lemure (D:6)
  7 kobold brigands
  4 scorpions
  A necrophage (D:8)
  15 bullfrogs
  A gnoll sergeant (D:8)
  An earth elemental (Volcano)
  A wyvern zombie (D:8)
  14 wights
  A hexer (Orc:2)
  2 killer bees (D:8)
  An electric eel (Lair:1)
  4 howler monkeys
  4 lava snakes (Volcano)
  2 centaur zombies (D:8)
  5 hounds
  A human zombie (D:8)
  12 jellies
  12 orc priests
  A gnoll bouda (Orc:2)
  Terence (D:2)
  3 iguanas
  14 orc wizards
  4 hell rats (Lair:5)
  A killer bee zombie (D:8)
  A mummy (D:8)
  9 gnolls
  7 adders
  A white imp (D:5)
  2 ufetubi
  4 worms
  A dart slug (D:1)
  72 orcs
  8 ball pythons
  7 bats
  5 endoplasms
  3 giant cockroaches
  4 goblins
  4 hobgoblins
  7 jackals
  6 quokkas
  4 frilled lizards
  22 kobolds
  4 rats
556 creatures vanquished.

Vanquished Creatures (collateral kills)
  Kirke (Lair:4)
  Azrael (D:13)
  A hydra (Lair:3)
  Fannar (Orc:1)
  2 catoblepae
  2 two-headed ogres
  A thrashing horror (Lair:5)
  Sonja (D:13)
  A lindwurm (Lair:2)
  2 orc knights (Orc:2)
  A manticore (D:13)
  2 ugly things (Lair:5)
  3 cyclopes
  An elephant (Lair:2)
  2 black mambas
  A smoke demon (Lair:5)
  2 cane toads
  An unseen horror (D:9)
  2 rime drakes
  A kobold demonologist (D:13)
  A komodo dragon (Lair:2)
  A polar bear (Lair:5)
  A hornet (shapeshifter) (D:14)
  Prince Ribbit (D:7)
  6 blink frogs
  4 small abominations (Lair:5)
  A spriggan (shapeshifter) (Lair:5)
  4 slime creatures
  A ynoxinul (Lair:5)
  A shadow (D:11)
  A wraith (D:10)
  A wyvern (D:8)
  A hog (Lair:4)
  12 yaks
  2 fire elementals
  2 basilisks (Lair:5)
  A fire bat (Volcano)
  4 vampire mosquitoes (D:12)
  5 water moccasins
  A hell hound (D:13)
  13 orc warriors
  An ice beast (D:7)
  An ogre (Orc:1)
  2 black bears
  A boggart (D:14)
  3 centaurs
  A kobold brigand (D:6)
  A necrophage (D:8)
  4 bullfrogs
  3 scorpions
  4 wights
  A hexer (Lair:5)
  A killer bee (D:8)
  2 howler monkeys (D:10)
  3 electric eels
  2 lava snakes (Volcano)
  A centaur zombie (D:8)
  5 jellies (Lair:4)
  3 orc priests
  2 gnoll boudas
  2 hell rats (Lair:5)
  An iguana (D:6)
  9 orc wizards
  2 gnolls (D:10)
  2 worms (Lair:2)
  19 orcs
  An endoplasm (Lair:4)
  7 kobolds
177 creatures vanquished.

Vanquished Creatures (others)
  A human (Lair:4)
  A lava snake (Volcano)
  23 hexers
  An orc wizard (D:11)
  2 ancestors (D:6)
28 creatures vanquished.

Grand Total: 761 creatures vanquished

Notes
Turn   | Place    | Note
-------+----------+-------------------------------------------
     0 | D:1      | booth the Demonspawn Reaver began the quest for the Orb.
     0 | D:1      | Reached XP level 1. HP: 16/16 MP: 3/3
   342 | D:1      | Gained mutation: A meltable shield of frost defends you.
                  | (SH +0) [demonic ancestry]
   342 | D:1      | Reached XP level 2. HP: 22/22 MP: 5/5
   345 | D:1      | Learned a level 2 spell: Momentum Strike
   793 | D:2      | Reached XP level 3. HP: 27/28 MP: 6/6
   907 | D:2      | Learned a level 3 spell: Hailstorm
  1025 | D:2      | Noticed Terence
  1047 | D:2      | Killed Terence
  1310 | D:2      | Gained mutation: A meltable icy envelope protects you from
                  | harm. (AC +0) [demonic ancestry]
  1310 | D:2      | Reached XP level 4. HP: 13/31 MP: 7/7
  1870 | D:3      | Found a stormy altar of Qazlal.
  1994 | D:3      | You fall into a shaft and drop 1 floor!
  2032 | D:4      | Reached skill level 1 in Maces & Flails
  2082 | D:4      | Reached XP level 5. HP: 40/40 MP: 7/9
  2423 | D:3      | Found an ancient bone altar of Kikubaaqudgha.
  2979 | D:4      | Found a staircase to the Ecumenical Temple.
  2987 | Temple   | Entered the Ecumenical Temple
  3156 | Temple   | Became a worshipper of Hepliaklqana the Forgotten
  3877 | D:4      | Gained mutation: You occasionally lose the ability to drink
                  | potions when taking damage. [potion of mutation]
  3877 | D:4      | Gained mutation: You have sharp toenails. [potion of
                  | mutation]
  3930 | D:5      | Entered Level 5 of the Dungeon
  3936 | D:5      | Gained mutation: Your touch may inflict minor irresistible
                  | damage on your foes. [demonic ancestry]
  3936 | D:5      | Reached XP level 6. HP: 42/47 MP: 10/10
  4066 | D:5      | Reached skill level 1 in Throwing
  4082 | D:5      | Reached XP level 7. HP: 30/52 MP: 11/11
  4206 | D:5      | Found a broken altar of Ashenzari.
  4435 | D:5      | Noticed Sigmund
  4442 | D:5      | Killed Sigmund
  4544 | D:5      | Found Itoox's Magic Scroll Shop.
  4555 | D:5      | Bought a scroll of enchant armour for 90 gold pieces
  4555 | D:5      | Bought a scroll of enchant weapon for 90 gold pieces
  4659 | D:5      | Reached * piety under Hepliaklqana
  4924 | D:5      | Found a runed translucent door.
  4933 | D:5      | Noticed GasterBasher2's ghost (novice MiFi)
  5034 | D:6      | Noticed Pikel
  5040 | D:6      | Reached skill level 5 in Axes
  5040 | D:6      | Reached skill level 5 in Conjurations
  5040 | D:6      | Reached XP level 8. HP: 38/54 MP: 13/13
  5055 | D:6      | Killed Pikel
  5139 | D:6      | Found a transporter.
  5143 | D:6      | Noticed Mickster's ghost (novice HOBe)
  5508 | D:6      | Gained mutation: A meltable icy envelope protects you from
                  | harm. (AC +0) [demonic ancestry]
  5508 | D:6      | Reached XP level 9. HP: 15/59 MP: 15/15
  5700 | D:6      | Found a transporter.
  6147 | D:7      | Found a bloodstained altar of Trog.
  6258 | D:7      | Noticed a cyclops
  6273 | D:7      | Killed a cyclops
  6648 | D:7      | Reached ** piety under Hepliaklqana
  6649 | D:7      | Remembered your ancestor Vusa as a hexer
  6655 | D:7      | Noticed Prince Ribbit
  6660 | D:7      | Reached skill level 5 in Fighting
  6669 | D:7      | Killed Prince Ribbit
  7245 | D:8      | Gained mutation: You are partially covered in large bone
                  | plates. (SH +4) [demonic ancestry]
  7245 | D:8      | Reached XP level 10. HP: 62/66 MP: 17/17
  7251 | D:8      | Found a basalt altar of Yredelemnul.
  7367 | D:8      | Reached skill level 5 in Maces & Flails
  7367 | D:8      | Reached skill level 5 in Throwing
  7367 | D:8      | Reached skill level 5 in Spellcasting
  7367 | D:8      | Gained mutation: You are mostly covered in large bone
                  | plates. (SH +6) [demonic ancestry]
  7367 | D:8      | Reached XP level 11. HP: 73/73 MP: 17/19
  7722 | D:8      | Noticed Gastronok
  7744 | D:8      | Killed Gastronok
  7745 | D:8      | Reached skill level 5 in Dodging
  7861 | D:8      | Found a shadowy altar of Dithmenos.
  8188 | D:9      | Found a sparkling altar of Nemelex Xobeh.
  8399 | D:9      | Learned a level 5 spell: Iskenderun's Battlesphere
  8425 | D:9      | Found a staircase to the Orcish Mines.
  8817 | D:10     | Entered Level 10 of the Dungeon
  9166 | D:10     | Reached skill level 10 in Conjurations
  9199 | D:10     | Found an opulent altar of Gozag.
  9263 | D:10     | Noticed a two-headed ogre
  9271 | D:10     | Killed a two-headed ogre
  9272 | D:10     | Reached XP level 12. HP: 81/81 MP: 21/21
  9290 | D:10     | Identified the +0 leather armour of Curiosity {rF+ Will+
                  | Str+3}
  9543 | D:10     | Identified a scroll of acquirement
  9546 | D:10     | Acquired a +1 pair of boots of stealth
  9631 | D:11     | Noticed a boulder beetle
  9648 | D:11     | Killed a boulder beetle
  9710 | D:11     | Reached *** piety under Hepliaklqana
  9874 | D:11     | Noticed a two-headed ogre
  9894 | D:11     | Killed a two-headed ogre
 10072 | D:11     | Found a staircase to the Lair.
 10474 | D:12     | Found a frozen archway.
 10557 | D:12     | Reached skill level 10 in Axes
 10660 | D:12     | Noticed a two-headed ogre
 10756 | D:12     | Killed a two-headed ogre
 10804 | D:12     | Noticed a centaur warrior
 10814 | D:12     | Killed a centaur warrior
 11212 | D:12     | Found a one-way gate to the infinite horrors of the Abyss.
 11212 | D:12     | Identified the +2 dagger "Xeecsyem" {distort, *Slow rN+
                  | Str+6 Int+4}
 11250 | D:12     | Found a large runed translucent door.
 11251 | D:12     | Found a large runed translucent door.
 11274 | D:12     | Found a corrupted altar of Lugonu.
 11572 | Lair:1   | Entered Level 1 of the Lair of Beasts
 11819 | Lair:1   | Noticed a catoblepas
 11839 | Lair:1   | Killed a catoblepas
 11853 | Lair:1   | Reached **** piety under Hepliaklqana
 12555 | Lair:2   | Reached XP level 13. HP: 88/88 MP: 23/23
 12697 | Lair:2   | Found a stormy altar of Qazlal.
 13202 | Lair:2   | Found a hole to the Spider Nest.
 13285 | Lair:2   | Found a staircase to the Swamp.
 14501 | D:5      | Bought a scroll of acquirement for 624 gold pieces
 14507 | D:5      | Acquired the +0 pair of gloves of Fedhas, Transmuting
                  | {*Slow rElec rF+ Str+4}
 14809 | Lair:3   | Reached ***** piety under Hepliaklqana
 14899 | Lair:3   | Acquired a +2 executioner's axe of freezing
 15665 | Lair:4   | Found a viscous altar of Jiyva.
 15763 | Lair:4   | Noticed Kirke
 15777 | Lair:4   | Noticed a sphinx
 15780 | Lair:4   | Killed Kirke
 15907 | Lair:4   | Noticed Urug
 15923 | Lair:4   | Killed Urug
 15932 | Lair:4   | Found a staircase to the Slime Pits.
 16460 | Lair:5   | Entered Level 5 of the Lair of Beasts
 16717 | Lair:5   | Gained mutation: You regenerate magic rapidly. [demonic
                  | ancestry]
 16717 | Lair:5   | Reached XP level 14. HP: 89/95 MP: 26/26
 17741 | Lair:5   | Reached skill level 1 in Invocations
 17829 | Lair:5   | Reached skill level 1 in Stealth
 18265 | Lair:5   | Found a corrupted altar of Lugonu.
 19313 | Orc:1    | Entered Level 1 of the Orcish Mines
 19363 | Orc:1    | Noticed wingedge's ghost (journeyman DgAE)
 19373 | Orc:1    | Found a transporter.
 19386 | Orc:1    | Found a transporter.
 19476 | Orc:1    | Found a dark tunnel.
 19484 | Volcano  | Entered a volcano
 19510 | Volcano  | Reached ****** piety under Hepliaklqana
 19999 | Volcano  | Found a bloodstained altar of Trog.
 20125 | Volcano  | Noticed a stone giant
 20138 | Volcano  | Killed a stone giant
 20719 | D:9      | Acquired the +3 plate armour "Dubuc" {Fly Will+ rCorr
                  | Str+3}
 20890 | Orc:1    | Noticed Fannar
 20901 | Orc:1    | Killed Fannar
 20939 | Orc:1    | Found Uckegrutz's Assorted Antiques.
 20950 | Orc:1    | Bought a scroll of teleportation for 54 gold pieces
 21323 | Orc:2    | Entered Level 2 of the Orcish Mines
 22143 | Orc:2    | Found a staircase to the Elven Halls.
 22149 | Orc:2    | Noticed Erolcha
 22165 | Orc:2    | Killed Erolcha
 22465 | Orc:2    | Found Otaixaek's Assorted Antiques.
 22465 | Orc:2    | Found Xauffaem's General Store.
 22744 | Orc:2    | Found Igeh's Assorted Antiques.
 22744 | Orc:2    | Found Ysuoj's Book Shop.
 22802 | Orc:2    | Reached XP level 15. HP: 103/103 MP: 27/27
 22814 | Orc:2    | Bought a tapered bronze wand for 160 gold pieces
 22814 | Orc:2    | Bought an encrusted bronze ring for 200 gold pieces
 22914 | Orc:2    | Bought a potion of heal wounds for 200 gold pieces
 22927 | Orc:2    | Bought a potion of heal wounds for 70 gold pieces
 23329 | D:13     | Noticed Sonja
 23336 | D:13     | Killed Sonja
 23710 | D:13     | Found a viscous altar of Jiyva.
 24545 | D:13     | Noticed Azrael
 24551 | D:13     | Killed Azrael
 24750 | D:13     | Found a gate to the Vaults.
 25026 | D:14     | Reached skill level 5 in Invocations
 25160 | D:14     | Reached skill level 10 in Fighting
 25160 | D:14     | Reached skill level 1 in Armour
 25160 | D:14     | Reached XP level 16. HP: 109/109 MP: 29/29
 25200 | D:14     | Lost mutation: You occasionally lose the ability to drink
                  | potions when taking damage. [potion of mutation]
 25200 | D:14     | Lost mutation: You have sharp toenails. [potion of
                  | mutation]
 25200 | D:14     | Gained mutation: You occasionally lose the ability to drink
                  | potions when taking damage. [potion of mutation]
 25200 | D:14     | Gained mutation: You are resistant to electric shocks.
                  | (rElec) [potion of mutation]
 25200 | D:14     | Gained mutation: You have sharp toenails. [potion of
                  | mutation]
 25201 | D:14     | Lost mutation: You have sharp toenails. [potion of
                  | mutation]
 25201 | D:14     | Lost mutation: You occasionally lose the ability to drink
                  | potions when taking damage. [potion of mutation]
 25201 | D:14     | Gained mutation: You occasionally lose the ability to read
                  | scrolls when taking damage. [potion of mutation]
 25202 | D:14     | Lost mutation: You occasionally lose the ability to read
                  | scrolls when taking damage. [potion of mutation]
 25202 | D:14     | Lost mutation: You are resistant to electric shocks.
                  | (rElec) [potion of mutation]
 25202 | D:14     | Gained mutation: You are robust. (+10% HP) [potion of
                  | mutation]
 25202 | D:14     | Gained mutation: You occasionally shout uncontrollably at
                  | your foes. [potion of mutation]
 25202 | D:14     | Gained mutation: You are clumsy. (Dex -2) [potion of
                  | mutation]
 25202 | D:14     | Gained mutation: You possess an exceptional clarity of
                  | mind. [potion of mutation]
 25212 | D:14     | Found a gate leading to a gauntlet.
 25520 | D:15     | Entered Level 15 of the Dungeon
 25943 | D:15     | Noticed Rupert
 25968 | D:15     | HP: 6/123 [Rupert/+0 great mace of protection (8)]
 25973 | D:15     | Paralysed by Rupert for 5 turns
 26382 | D:15     | HP: 5/123 [Rupert/+0 great mace of protection (13)]
 26388 | D:15     | HP: 3/123 [Rupert/+0 great mace of protection (2)]
 26389 | D:15     | Killed from afar by a deep elf pyromancer

Illustrated notes

Levels and vault maps discovered:
D:1:      dpeg_arrival_rhombus, layout_rooms
D:2:      minmay_general_purpose_star, layout_basic, uniq_terence
D:3:      layout_loops_ring, kiku_gazebo_pond_becter,
          nicolae_qazlal_general_emergency
D:4:      layout_loops_ring, kennysheep_little_box,
          minmay_temple_entry_poolview, minmay_misc_feat_square,
          lightli_corner_chamber
D:5:      layout_basic, lemuel_tele_altar, ebering_ghost_reflecting_pool,
          serial_shops, nicolae_diamond_shop, minmay_diced_spiral, uniq_sigmund
D:6:      layout_cave_pools, zin_treasury, gammafunk_ghost_stat_death,
          corexii_corridor_pit, uniq_pikel
D:7:      layout_rooms, mainiacjoe_overflow_surrounded_room, uniq_prince_ribbit1
D:8:      layout_loops_ring, lemuel_mausoleum_altar_yredelemnul,
          amethyst_overflow_temple_binary, uniq_gastronok
D:9:      layout_rooms, nemelex_spade_bored_becter, david_orc_1_choice,
          minivault_4
D:10:     layout_cave_pools, nicolae_gozag_seed_capital
D:11:     layout_small_grid, due_lair_maze_entry_diamond,
          david_defended_altar_orc
D:12:     due_chaos_kobolds, layout_rooms, portal_ice_cave_entry_pillars_1,
          minmay_stone_trees_medium
D:13:     layout_stronghold, hangedman_vaults_entry_quadrant_bands,
          jiyva_altar_1, uniq_snorg, uniq_sonja, uniq_azrael
D:14:     layout_rooms, gauntlet_entry_generic
D:15:     grunt_enter_depths_hoard, layout_loops_ring, minmay_misc_feat_rows,
          lightli_wizard_tower, uniq_rupert
Temple:   chequers_temple_sunken
Lair:1:   layout_misc_corridors, nicolae_quartered_pool_super, minmay_holes,
          minivault_26, grunt_megastairs_3
Lair:2:   layout_regular_city, minmay_swamp_entry_worms,
          nicolae_spider_entry_non_spiders, basic_altar, serial_bayou_shore_b
Lair:3:   layout_cellular_growth, grunt_megastairs_1
Lair:4:   layout_loops_ring, minmay_slime_entry_jelly_boxes,
          serial_bayou_shore_a, uniq_kirke, uniq_urug
Lair:5:   hellmonk_lair_end_abyssal_woods, layout_small_grid, st_stairs_12,
          dreamdust_gnoll_shepherd
Orc:1:    layout_caves, serial_shops, shop, gammafunk_ghost_wrathful_warriors,
          nicolae_volcano_entry_hallway, uniq_fannar
Orc:2:    st_orc_town, layout_diamond_mine, basic_altar, uniq_erolcha

Skill      XL: |  1  2  3  4  5  6  7  8  9 10 11 12 13 14 15 16 |
---------------+-------------------------------------------------+-----
Dodging        | 2 3 4 5 6 7 8 |  8.7
Axes           | 3 4 5 6 8 9 10 11 12 13 | 13.3
Maces & Flails | 1 2 3 4 5 6 7 8 9 |  9.0
Fighting       | 3 4 5 6 7 8 9 10 | 10.3
Spellcasting   | 3 4 5 6 7 8 9 |  9.2
Conjurations   | 4 5 6 7 9 10 11 12 13 | 13.1
Throwing       | 1 2 3 5 6 7 |  7.7
Invocations    | 3 5 |  5.5
Stealth        | 3 4 |  4.8
Armour         | 1 |  1.8

Action                     |  1- 3 |  4- 6 |  7- 9 | 10-12 | 13-15 | 16-18 || total
---------------------------+-------+-------+-------+-------+-------+-------++-------
  Melee: Hand axe          |    93 |    20 |   133 |   360 |       |       ||   606
         Punch             |     1 |     1 |     3 |     6 |     1 |     1 ||    13
         Flail             |    11 |       |       |       |   191 |    63 ||   265
         Whip              |     5 |   170 |    36 |       |       |       ||   211
         Kick              |       |     9 |    64 |    85 |       |       ||   158
         Touch             |       |     5 |    34 |    90 |    27 |     9 ||   165
         War axe           |       |       |       |    48 |   796 |       ||   844
         Battleaxe         |       |       |       |       |    73 |    59 ||   132
  Throw: Javelin           |     1 |       |     6 |     8 |     2 |       ||    17
         Dart              |       |     4 |    14 |    20 |     8 |    11 ||    57
         Boomerang         |       |       |     2 |     8 |    57 |       ||    67
   Cast: Kiss of Death     |     2 |       |       |       |       |       ||     2
         Hailstorm         |       |       |       |     1 |       |       ||     1
 Invoke: Ancestor Identity |       |       |     1 |       |       |       ||     1
         Ancestor Life: He |       |       |     1 |       |       |       ||     1
         Recall Ancestor   |       |       |       |       |       |     1 ||     1
  Evoke: Wand              |       |       |       |       |     6 |       ||     6
    Use: Scroll            |     3 |     5 |     7 |    10 |     9 |     4 ||    38
         Potion            |     1 |     3 |     2 |     3 |     4 |     9 ||    22
   Stab: Distracted        |       |       |     2 |     6 |    18 |       ||    26
         Sleeping          |       |       |     1 |       |       |       ||     1
         Confused          |       |       |       |     7 |    29 |     3 ||    39
         Invisible         |       |       |       |       |     2 |       ||     2
         Paralysed         |       |       |       |       |    16 |    10 ||    26
 Armour: Leather armour    |    25 |    61 |    84 |   123 |    96 |       ||   389
         Troll leather arm |       |       |       |     9 |       |       ||     9
         Chain mail        |       |       |       |       |    97 |    17 ||   114
  Dodge: Dodged            |    46 |    92 |   101 |   200 |   613 |    59 ||  1111
  Block: Other             |    18 |    24 |    32 |   171 |   100 |    40 ||   385
         Buckler           |       |       |       |       |   498 |       ||   498
